 Dungeon Crawl Stone Soup version 0.21-a0-529-g8c7b3f5 (webtiles) character file.

10755 Lasiace the Fighter (level 11, -2/92 HPs)
             Began as a Gnoll Wanderer on Dec 10, 2017.
             Was a High Priest of Cheibriados.
             Slain by a white ugly thing (32 damage)
             ... on level 11 of the Dungeon.
             The game lasted 00:45:50 (12502 turns).

Lasiace the Fighter (Gnoll Wanderer)               Turns: 12502, Time: 00:45:50

Health: -2/92      AC: 10    Str: 26    XL:     11   Next: 67%
Magic:  20/20      EV: 19    Int: 24    God:    Cheibriados [*****.]
Gold:   179        SH:  0    Dex: 30    Spells: 22/22 levels left

rFire    . . .     SeeInvis +   a - +3 scimitar (flame)
rCold    . . .     Gourm    .   (no shield)
rNeg     . . .     Faith    .   d - +0 ring mail
rPois    .         Spirit   .   E - +1 hat {SInv}
rElec    .         Reflect  .   (no cloak)
rCorr    +         Harm     .   S - +0 pair of gloves (curse)
MR       .....                  g - +0 pair of boots (curse)
Stlth    ++++......             K - amulet of magic regeneration
HPRegen  0.25/turn              I - ring of resist corrosion
MPRegen  0.42/turn              U - ring of flight

@: very slow
A: distributed training, fangs 1, strong nose
a: Bend Time, Temporal Distortion, Slouch, Step From Time, Renounce Religion,
Evoke Flight


You were on level 11 of the Dungeon.
You worshipped Cheibriados.
Cheibriados was extremely pleased with you.
You were not hungry.

You visited 2 branches of the dungeon, and saw 12 of its levels.
You also visited: Sewer.

You collected 701 gold pieces.
You spent 522 gold pieces at shops.

Inventory:

Hand Weapons
 a - a +3 scimitar of flaming (weapon)
 b - a +0 shortbow of freezing
Missiles
 h - 14 stones {@Q0}
 i - 86 bolts {@Q1}
 p - 24 tomahawks (quivered) {@Q8}
 w - a throwing net {=f !f}
 C - 76 arrows {@Q2}
Armour
 d - a +0 ring mail (worn)
 g - a cursed +0 pair of boots (worn)
 D - a +0 shield
 E - a +1 hat of see invisible (worn)
 S - a cursed +0 pair of gloves (worn)
Jewellery
 I - a ring of resist corrosion (left hand)
 K - an amulet of magic regeneration (around neck)
 O - a cursed ring of teleportation
 U - a ring of flight (right hand)
Wands
 A - a wand of clouds (5)
 H - a wand of iceblast (11)
Scrolls
 c - 10 scrolls of teleportation {@r3}
 k - 2 scrolls of enchant weapon
 l - 3 scrolls of magic mapping
 m - 3 scrolls of identify {@r4}
 o - 3 scrolls of fear
 q - 7 scrolls of remove curse
 r - 2 scrolls of fog
 y - 4 scrolls of amnesia
 L - a scroll of blinking {@r5}
Potions
 e - 3 potions of might
 j - a potion of mutation {!q}
 n - 7 potions of curing {@q2}
 s - a potion of brilliance
 t - 4 potions of flight
 u - 2 potions of ambrosia
 B - a potion of magic
 F - a potion of invisibility
 J - a potion of resistance
Comestibles
 f - 6 bread rations
 x - 4 meat rations
 z - 5 royal jellies
 G - 3 fruits
 M - 5 chunks of flesh


   Skills:
 + Level 10.6 Fighting
 + Level 6.4 Short Blades
 + Level 6.4 Long Blades
 + Level 6.4 Axes
 + Level 6.4 Maces & Flails
 + Level 6.4 Polearms
 + Level 7.0 Staves
 + Level 6.4 Slings
 + Level 6.4 Bows
 + Level 6.4 Crossbows
 + Level 7.0 Throwing
 + Level 6.4 Armour
 + Level 8.0 Dodging
 + Level 6.9 Stealth
 + Level 6.4 Shields
 + Level 6.4 Unarmed Combat
 + Level 6.4 Spellcasting
 + Level 5.3 Conjurations
 + Level 5.3 Hexes
 + Level 5.3 Charms
 + Level 5.3 Summonings
 + Level 5.3 Necromancy
 + Level 5.3 Translocations
 + Level 5.3 Transmutations
 + Level 5.3 Fire Magic
 + Level 5.3 Ice Magic
 + Level 5.3 Air Magic
 + Level 5.3 Earth Magic
 + Level 5.3 Poison Magic
 + Level 7.0 Invocations
 + Level 7.0 Evocations


You had 22 spell levels left.
You didn't know any spells.

Dungeon Overview and Level Annotations

Branches:
Dungeon (11/15)            Temple (1/1) D:6             Orc (0/2) D:9
   Lair: D:8-11

Altars:
Ashenzari
Cheibriados
Dithmenos
Elyvilon
Gozag
Hepliaklqana
Kikubaaqudgha
Makhleb
Nemelex Xobeh
Okawaru
Qazlal
Ru
Sif Muna
Trog
Uskayaw
Vehumet
Wu Jian
Xom
Yredelemnul
Zin
The Shining One

Shops:
D:5 ?[?=?   D:6 %   D:10 %


Innate Abilities, Weirdness & Mutations

Your experience applies equally to all skills.
You have very sharp teeth.
Your uncanny sense of smell can sniff out nearby items.


Message History

The white ugly thing closely misses you.
You riposte.
You slash the white ugly thing! You burn the white ugly thing.
You bite the white ugly thing.
The white ugly thing is moderately wounded.
You feel better.
The white ugly thing pecks you but does no damage.
You closely miss the white ugly thing.
You bite the white ugly thing, but do no damage.
The white ugly thing is moderately wounded.
The white ugly thing closely misses you.
You slash the white ugly thing! You burn the white ugly thing.
The white ugly thing is severely wounded.
The white ugly thing pecks you but does no damage.
You slash the white ugly thing! You burn the white ugly thing.
Your bite misses the white ugly thing.
The white ugly thing is almost dead.
The white ugly thing pecks you!
* * * LOW HITPOINT WARNING * * *
The white ugly thing freezes you!!
You die...

#..<#.#.#...
#...#.#.♣##.#
#.###..≈≈≈#.#
#.....≈♣≈♣#
#######≈♣P#
#######♣≈##
#cc.(...##
#u####### #@#
∆ #.# #.# #.#
#.# #(# #.#
#.# #.#


You could see a white ugly thing and 2 centaurs.

Vanquished Creatures
  Josephine (D:10)
  A centaur warrior (D:10)
  A two-headed ogre (D:11)
  Erica (D:9)
  Grinder (D:6)
  4 trolls
  A hornet (D:8)
  A spriggan (D:10)
  3 wraiths (D:10)
  A human (D:10)
  2 hungry ghosts
  A water moccasin (D:10)
  5 orc warriors
  2 black bears
  2 ice beasts
  2 phantoms (D:10)
  4 necrophages
  4 centaurs
  7 ogres
  2 big kobolds
  9 bullfrogs
  A wyvern skeleton (D:8)
  3 scorpions
  3 killer bees (D:11)
  13 wights
  4 howler monkeys
  4 crimson imps
  A centaur zombie (D:10)
  2 bullfrog zombies
  2 jellies
  9 orc priests
  A hound (D:3)
  A centaur skeleton (D:4)
  14 orc wizards
  Ijyb (D:4)
  3 iguanas
  8 worker ants
  2 hound skeletons
  A mummy (D:9)
  A howler monkey zombie (D:9)
  7 adders
  6 gnolls
  3 river rats
  2 shadow imps (D:7)
  An ooze (D:2)
  3 adder zombies
  3 adder skeletons
  3 worms
  2 dart slugs
  3 leopard geckos
  52 orcs
  8 giant cockroaches
  4 goblins
  3 hobgoblins
  13 jackals
  2 quokkas
  A ball python (D:1)
  3 bats
  17 kobolds
  A quokka skeleton (D:8)
  8 rats
  A withered plant (D:9)
275 creatures vanquished.

Vanquished Creatures (others)
  A bullfrog (D:6)
  An orc wizard (D:8)
  4 plants (D:11)
  4 toadstools (D:1)
10 creatures vanquished.

Grand Total: 285 creatures vanquished

Notes
Turn   | Place    | Note
-------+----------+-------------------------------------------
     0 | D:1      | Lasiace the Gnoll Wanderer began the quest for the Orb.
     0 | D:1      | Lasiace set off with: a +2 quarterstaff, a potion of curing {@q2}, a scroll of teleportation {@r3}, a bread ration, a +0 robe
     0 | D:1      | Reached XP level 1. HP: 26/26 MP: 2/2
   175 | D:1      | Reached XP level 2. HP: 33/33 MP: 3/3
   685 | D:2      | Reached XP level 3. HP: 34/38 MP: 4/4
   872 | D:2      | Reached skill level 1 in Invocations
   892 | D:2      | You fall through a shaft for 2 floors!
   928 | D:3      | Found a shattered altar of Ashenzari.
  1042 | D:3      | Reached skill level 1 in Short Blades
  1042 | D:3      | Reached skill level 1 in Long Blades
  1042 | D:3      | Reached skill level 1 in Axes
  1042 | D:3      | Reached skill level 1 in Maces & Flails
  1042 | D:3      | Reached skill level 1 in Polearms
  1042 | D:3      | Reached skill level 1 in Slings
  1042 | D:3      | Reached skill level 1 in Bows
  1042 | D:3      | Reached skill level 1 in Crossbows
  1042 | D:3      | Reached skill level 1 in Armour
  1042 | D:3      | Reached skill level 1 in Shields
  1042 | D:3      | Reached skill level 1 in Unarmed Combat
  1042 | D:3      | Reached skill level 1 in Spellcasting
  1144 | D:3      | Reached XP level 4. HP: 39/45 MP: 6/6
  1171 | D:3      | Found a glowing drain.
  1182 | D:3      | Reached skill level 1 in Conjurations
  1182 | D:3      | Reached skill level 1 in Hexes
  1182 | D:3      | Reached skill level 1 in Charms
  1182 | D:3      | Reached skill level 1 in Summonings
  1182 | D:3      | Reached skill level 1 in Necromancy
  1182 | D:3      | Reached skill level 1 in Translocations
  1182 | D:3      | Reached skill level 1 in Transmutations
  1182 | D:3      | Reached skill level 1 in Fire Magic
  1182 | D:3      | Reached skill level 1 in Ice Magic
  1182 | D:3      | Reached skill level 1 in Air Magic
  1182 | D:3      | Reached skill level 1 in Earth Magic
  1182 | D:3      | Reached skill level 1 in Poison Magic
  1255 | Sewer    | Entered a sewer
  1267 | Sewer    | Reached XP level 5. HP: 44/51 MP: 7/7
  1357 | Sewer    | Noticed a big kobold
  1374 | Sewer    | Killed a big kobold
  1514 | Sewer    | Found a white marble altar of Elyvilon.
  1693 | D:3      | Reached XP level 6. HP: 46/57 MP: 8/8
  2008 | D:3      | Found a burning altar of Makhleb.
  2167 | D:4      | Reached skill level 5 in Dodging
  2309 | D:4      | Reached XP level 7. HP: 51/63 MP: 10/10
  2834 | D:4      | Found a hazy altar of Hepliaklqana.
  2834 | D:4      | Found a stormy altar of Qazlal.
  2835 | D:4      | Found a radiant altar of Vehumet.
  2835 | D:4      | Noticed Ijyb
  2859 | D:4      | Killed Ijyb
  3104 | D:5      | Entered Level 5 of the Dungeon
  3153 | D:5      | Found Biezidac's Magic Scroll Boutique.
  3157 | D:5      | Bought a scroll of amnesia for 42 gold pieces
  3157 | D:5      | Bought a scroll of fog for 24 gold pieces
  3157 | D:5      | Bought a scroll of blinking for 90 gold pieces
  3157 | D:5      | Bought a scroll of identify for 24 gold pieces
  3208 | D:5      | Found Caudgh's Magic Scroll Emporium.
  3220 | D:5      | Found Viudoamy's Antique Armour Emporium.
  3534 | D:5      | Found Mapask's Magic Scroll Boutique.
  3737 | D:5      | Found Byoczougri's Jewellery Shoppe.
  4189 | D:5      | Reached skill level 9 in Fighting
  4332 | D:5      | Bought a scroll of magic mapping for 45 gold pieces
  4379 | D:6      | Reached XP level 8. HP: 71/71 MP: 12/12
  4925 | D:6      | Found a staircase to the Ecumenical Temple.
  4937 | Temple   | Entered the Ecumenical Temple
  5226 | Temple   | Became a worshipper of Cheibriados the Contemplative
  5253 | D:6      | Found Tawotaeth's Food Shop.
  5321 | D:5      | Bought a scroll of enchant armour for 90 gold pieces
  5726 | D:6      | Noticed Grinder
  5738 | D:6      | Paralysed by Grinder for 2 turns
  5741 | D:6      | Killed Grinder
  6005 | D:7      | Reached XP level 9. HP: 64/76 MP: 14/14
  6262 | D:7      | Reached * piety under Cheibriados
  6664 | D:7      | Found a shattered altar of Ashenzari.
  6834 | D:7      | Reached skill level 5 in Staves
  6834 | D:7      | Reached skill level 5 in Throwing
  6834 | D:7      | Reached skill level 5 in Evocations
  7336 | D:8      | Reached skill level 5 in Stealth
  7697 | D:8      | Reached ** piety under Cheibriados
  7789 | D:8      | Reached skill level 5 in Invocations
  8041 | D:8      | Noticed a hornet
  8045 | D:8      | Paralysed by a hornet for 3 turns
  8057 | D:8      | Paralysed by a hornet for 1 turns
  8062 | D:8      | Killed a hornet
  8072 | D:8      | Reached XP level 10. HP: 38/84 MP: 17/17
  8928 | D:8      | Reached *** piety under Cheibriados
  8969 | D:8      | Reached skill level 5 in Short Blades
  8969 | D:8      | Reached skill level 5 in Long Blades
  8969 | D:8      | Reached skill level 5 in Axes
  8969 | D:8      | Reached skill level 5 in Maces & Flails
  8969 | D:8      | Reached skill level 5 in Polearms
  8969 | D:8      | Reached skill level 5 in Slings
  8969 | D:8      | Reached skill level 5 in Bows
  8969 | D:8      | Reached skill level 5 in Crossbows
  8969 | D:8      | Reached skill level 5 in Armour
  8969 | D:8      | Reached skill level 5 in Shields
  8969 | D:8      | Reached skill level 5 in Unarmed Combat
  8969 | D:8      | Reached skill level 5 in Spellcasting
  9056 | D:8      | Found a deep blue altar of Sif Muna.
  9224 | D:5      | Bought a cursed ring of teleportation for 45 gold pieces
  9249 | D:5      | Bought a scroll of identify for 26 gold pieces
  9249 | D:5      | Bought a scroll of identify for 26 gold pieces
  9249 | D:5      | Bought a scroll of identify for 26 gold pieces
  9282 | D:5      | Bought a scroll of identify for 24 gold pieces
  9282 | D:5      | Bought a scroll of remove curse for 36 gold pieces
  9282 | D:5      | Bought a scroll of identify for 24 gold pieces
  9616 | D:9      | Reached skill level 10 in Fighting
  9703 | D:9      | Reached **** piety under Cheibriados
  9759 | D:9      | Found a staircase to the Orcish Mines.
  9892 | D:9      | Found a basalt altar of Yredelemnul.
  9909 | D:9      | Noticed Erica
  9914 | D:9      | Killed Erica
  9928 | D:9      | Reached ***** piety under Cheibriados
 10229 | D:9      | Noticed a hand axe
 10230 | D:9      | Noticed a hand axe
 10233 | D:9      | Found a hide-covered altar of Uskayaw.
 10555 | D:10     | Entered Level 10 of the Dungeon
 10719 | D:10     | Reached XP level 11. HP: 90/91 MP: 19/19
 10905 | D:10     | Noticed a centaur warrior
 10982 | D:10     | Killed a centaur warrior
 11424 | D:10     | Found Bysatuda's Food Emporium.
 11523 | D:10     | Noticed Josephine
 11531 | D:10     | Killed Josephine
 11531 | D:10     | Reached skill level 5 in Conjurations
 11531 | D:10     | Reached skill level 5 in Hexes
 11531 | D:10     | Reached skill level 5 in Charms
 11531 | D:10     | Reached skill level 5 in Summonings
 11531 | D:10     | Reached skill level 5 in Necromancy
 11531 | D:10     | Reached skill level 5 in Translocations
 11531 | D:10     | Reached skill level 5 in Transmutations
 11531 | D:10     | Reached skill level 5 in Fire Magic
 11531 | D:10     | Reached skill level 5 in Ice Magic
 11531 | D:10     | Reached skill level 5 in Air Magic
 11531 | D:10     | Reached skill level 5 in Earth Magic
 11531 | D:10     | Reached skill level 5 in Poison Magic
 12484 | D:11     | Noticed a two-headed ogre
 12490 | D:11     | Killed a two-headed ogre
 12492 | D:11     | Noticed a white ugly thing
 12502 | D:11     | Slain by a white ugly thing

Vault maps used:
D:1:      ldierk_walled_garden_2
D:2:      lemuel_crystal_altar, first_bread, nemelex_diamond_rough_becter,
          uniq_crazy_yiuf_cottage
D:3:      lightli_temple_of_fire, ashenzari_altar_1, portal_sewer_entry_a
D:4:      gammafunk_temple_overflow_claw, serial_glass, glass_columns_b,
          glass_columns_b, glass_columns_b, glass_columns_a, glass_columns_c,
          uniq_ijyb
D:5:      serial_shops, nicolae_shop_temple_entry_statues_fountains,
          nicolae_shop_window_shopping, shop, shop, shop
D:6:      minmay_temple_entry_hall, serial_shops, shop,
          hangedman_abyss_or_decor_passed, lemuel_flame_loot_1, uniq_grinder
D:7:      basic_altar
D:8:      kennysheep_orc_sif_temple
D:9:      dancing_weapons_uskayaw, kennysheep_mini, hiddenorc2_lemuel,
          serial_undead, serial_undead_e, serial_undead_d, serial_undead_e,
          serial_undead_b, serial_undead_f, serial_undead_c, serial_undead_a,
          uniq_erica
D:10:     serial_shops, nicolae_shop_crystal, hangedman_stone_soup,
          uniq_josephine
D:11:     lair_entry_dummy, serial_bayou, serial_bayou_pond_e,
          serial_bayou_ford_a, serial_bayou_pond_b, serial_bayou_pond_d
Temple:   minmay_temple_curvy_branch
Sewer:    sewer_kobolds

Skill      XL: |  1  2  3  4  5  6  7  8  9 10 11 |
---------------+----------------------------------+-----
Invocations    | 1 2 3 4 5 6 7 |  7.0
Short Blades   | 1 2 3 4 5 6 |  6.4
Long Blades    | 1 2 3 4 5 6 |  6.4
Axes           | 1 2 3 4 5 6 |  6.4
Maces & Flails | 1 2 3 4 5 6 |  6.4
Polearms       | 1 2 3 4 5 6 |  6.4
Slings         | 1 2 3 4 5 6 |  6.4
Bows           | 1 2 3 4 5 6 |  6.4
Crossbows      | 1 2 3 4 5 6 |  6.4
Armour         | 1 2 3 4 5 6 |  6.4
Shields        | 1 2 3 4 5 6 |  6.4
Unarmed Combat | 1 2 3 4 5 6 |  6.4
Spellcasting   | 1 2 3 4 5 6 |  6.4
Conjurations   | 1 2 3 4 5 |  5.3
Hexes          | 1 2 3 4 5 |  5.3
Charms         | 1 2 3 4 5 |  5.3
Summonings     | 1 2 3 4 5 |  5.3
Necromancy     | 1 2 3 4 5 |  5.3
Translocations | 1 2 3 4 5 |  5.3
Transmutations | 1 2 3 4 5 |  5.3
Fire Magic     | 1 2 3 4 5 |  5.3
Ice Magic      | 1 2 3 4 5 |  5.3
Air Magic      | 1 2 3 4 5 |  5.3
Earth Magic    | 1 2 3 4 5 |  5.3
Poison Magic   | 1 2 3 4 5 |  5.3
Staves         | 3 4 5 6 7 |  7.0
Throwing       | 3 4 5 6 7 |  7.0
Evocations     | 3 4 5 6 7 |  7.0
Stealth        | 3 4 5 6 |  6.9
Dodging        | 5 6 7 8 |  8.0
Fighting       | 9 10 | 10.6

Action                   |  1- 3 |  4- 6 |  7- 9 | 10-12 || total
-------------------------+-------+-------+-------+-------++-------
Melee: Quarterstaff      |    41 |    71 |   270 |       ||   382
       Bite              |     3 |     8 |    42 |    48 ||   101
       Lajatang          |       |       |    45 |   119 ||   164
       Scimitar          |       |       |       |    68 ||    68
       Punch             |       |       |       |     4 ||     4
 Fire: Hunting sling     |    15 |    91 |   147 |       ||   253
       Shortbow          |       |       |    22 |   226 ||   248
Throw: Stone             |    67 |    10 |    10 |       ||    87
       Tomahawk          |       |       |     3 |    26 ||    29
Invok: Bend Time         |       |       |     1 |       ||     1
       Step From Time    |       |       |       |     1 ||     1
  Use: Scroll            |       |       |    13 |     8 ||    21
       Potion            |       |       |     4 |     2 ||     6
 Stab: Sleeping          |     3 |       |       |     1 ||     4
  Eat: Chunk             |     1 |     3 |    20 |     7 ||    31
Armor: Ring mail         |     8 |    23 |    85 |    49 ||   165
       Skin              |       |       |    14 |       ||    14
Dodge: Dodged            |    35 |    55 |   276 |   189 ||   555
       Rpst.: Scimitar   |       |       |       |    20 ||    20

Table legend:
 A = Spawn XP
 B = Non-spawn XP
 C = Spawn XP percentage of total XP
 D = Spawn monster count
 E = Non-spawn monster count
 F = Spawn count percentage of total count
 G = Total turns spent on level
                    A         B        C        D         E        F      G
               +---------+---------+-------+---------+---------+-------+---------
         Total |       0 |   15365 |   0.0 |       0 |     274 |   0.0 | 12502
               +---------+---------+-------+---------+---------+-------+---------
           D:1 |       0 |      20 |   0.0 |       0 |      12 |   0.0 |   678
           D:2 |       0 |      37 |   0.0 |       0 |       8 |   0.0 |   214
           D:3 |       0 |     205 |   0.0 |       0 |      33 |   0.0 |   882
           D:4 |       0 |     365 |   0.0 |       0 |      15 |   0.0 |  1028
           D:5 |       0 |     322 |   0.0 |       0 |       9 |   0.0 |  1420
           D:6 |       0 |    1209 |   0.0 |       0 |      24 |   0.0 |  1215
           D:7 |       0 |    1250 |   0.0 |       0 |      29 |   0.0 |  1428
           D:8 |       0 |    2293 |   0.0 |       0 |      43 |   0.0 |  1893
           D:9 |       0 |    2603 |   0.0 |       0 |      51 |   0.0 |  1183
          D:10 |       0 |    5234 |   0.0 |       0 |      31 |   0.0 |  1838
          D:11 |       0 |    1687 |   0.0 |       0 |       9 |   0.0 |   109
         Sewer |       0 |     140 |   0.0 |       0 |      10 |   0.0 |   302
               +---------+---------+-------+---------+---------+-------+---------
